 Dungeon Crawl Stone Soup version 0.21-a0-404-g291f19a (webtiles) character file.

2823 Gorice the Carver (level 9, 0/64 HPs)
             Began as a Demonspawn Wanderer on Oct 28, 2017.
             Was a Follower of Qazlal.
             Slain by a two-headed ogre
             ... wielding a +0 giant spiked club
              (19 damage)
             ... on level 8 of the Dungeon.
             The game lasted 00:41:06 (12270 turns).

Gorice the Carver (Demonspawn Wanderer)            Turns: 12270, Time: 00:41:06

Health: 0/64       AC: 22    Str: 16    XL:     9   Next: 45%
Magic:  15/15      EV:  4    Int: 15    God:    Qazlal [*.....]
Gold:   357        SH:  5    Dex: 11    Spells: 16/16 levels left

rFire    . . .     SeeInvis .   a - +0 long sword
rCold    . . .     Gourm    .   j - +0 buckler
rNeg     . . .     Faith    .   E - +0 plate armour
rPois    .         Spirit   .   (helmet restricted)
rElec    .         Reflect  .   (no cloak)
rCorr    .         Harm     .   (no gloves)
MR       .....                  (no boots)
Stlth    ..........             (no amulet)
HPRegen  0.20/turn              (no ring)
MPRegen  0.14/turn              (no ring)

@: sanguine armour
A: antennae 2, sanguine armour 2
a: Renounce Religion


You were on level 8 of the Dungeon.
You worshipped Qazlal.
Qazlal was aware of your devotion.
You were not hungry.

You visited 3 branches of the dungeon, and saw 11 of its levels.

You collected 357 gold pieces.

Inventory:

Hand Weapons
 a - a +0 long sword (weapon)
 b - a +0 hunting sling
 u - a +0 arbalest
 C - a +0 whip of electrocution
   (You found it on level 4 of the Dungeon)
Missiles
 e - 38 bolts
 p - 7 poisoned tomahawks
 y - 7 tomahawks (quivered)
 Y - 190 stones
Armour
 c - a +1 ring mail
 j - a +0 buckler (worn)
 A - a +0 chain mail
 E - a +0 plate armour (worn)
Magical Staves
 m - a cursed staff of power {unknown}
Wands
 x - a wand of digging (2/24)
 G - a wand of iceblast (0/15)
 J - a wand of iceblast (13/15)
 K - a wand of flame (18/48)
Scrolls
 d - 3 scrolls of enchant weapon
 i - 2 scrolls of remove curse
 k - 2 scrolls of amnesia
 o - a scroll of blinking
 q - 6 scrolls of teleportation {!r}
 s - a scroll of magic mapping {!r}
Potions
 n - 3 potions of curing
 r - 2 potions of magic {!q}
 t - a potion of lignification {!q}
 v - 2 potions of invisibility {unknown}
 B - a potion of brilliance {!q}
 D - a potion of flight {unknown}
 F - 3 potions of agility {unknown}
 I - a potion of haste {unknown}
Books
 l - a book of Minor Magic
 z - the Catalogue of Augmentations and the Birds
   (You found it on level 4 of the Dungeon)

   Spells                             Type                      Level
   a - Swiftness                      Charms/Air                   2
   b - Lightning Bolt                 Conjuration/Air              5
   c - Silence                        Hexes/Air                    5
Comestibles
 f - 7 bread rations {!e}
 g - 4 meat rations {!e}
 w - a royal jelly


   Skills:
 - Level 3.3 Fighting
 * Level 9.0 Long Blades
 - Level 1.0 Throwing
 + Level 7.7 Armour
 - Level 1.0 Shields
 - Level 4.0 Spellcasting
   Level 1.0 Earth Magic


You had 16 spell levels left.
You didn't know any spells.

Dungeon Overview and Level Annotations

Branches:
Dungeon (9/15)             Temple (1/1) D:4            Lair (1/6) D:8
    Orc: D:9-12

Altars:
Ashenzari
Cheibriados
Dithmenos
Elyvilon
Fedhas
Gozag
Hepliaklqana
Kikubaaqudgha
Makhleb
Nemelex Xobeh
Okawaru
Qazlal
Ru
Sif Muna
Trog
Vehumet
Wu Jian
Xom
Yredelemnul
Zin
The Shining One

Shops:
D:6 (

Annotations:
D:3 stickyfingers's ghost, amateur TeEE
D:5 stickyfingers's ghost, amateur TeEE
D:6 Klosterheim's ghost, novice FoAK


Innate Abilities, Weirdness & Mutations

You have a pair of antennae on your head.
When seriously injured, your bleeding wounds create thick armour. (AC +9)


Message History

The magic dart hits you!
You hit the orc warrior.
The orc warrior is heavily wounded.
The orc warrior barely misses you.
The orc wizard hits you but does no damage.
Unknown command.
You closely miss the orc wizard.
The orc wizard gestures at you while chanting.
The puff of flame hits you!
The orc warrior hits you but does no damage.
Unknown command.
You bump into the rock wall.
The orc wizard hits you but does no damage.
Unknown command.
You hit the orc warrior.
The orc warrior is severely wounded.
You feel less confused. The orc warrior hits you with a glaive!
* * * LOW HITPOINT WARNING * * *
The orc wizard casts a spell.
The orc wizard flickers and vanishes!
You completely miss something. The orc warrior hits you with a glaive.
* * * LOW HITPOINT WARNING * * *
Something hits you but does no damage.
Unknown command.
Damage: 10 (max 11) Unknown command.
Unknown command.
Unknown command.
You feel better. The orc warrior hits you with a glaive.
* * * LOW HITPOINT WARNING * * *
Something hits you but does no damage.
Unknown command.
Unknown command.
Unknown command.
Really read
H - a scroll of fear {!r}?
As you read the scroll of fear {!r}, it crumbles to dust.
You assume a fearsome visage.
The orc priest looks frightened!
The orc warrior looks frightened!
An orc comes into view.
It is wielding a falchion of protection.
The orc shouts!
You feel better. The orc hits you but does no damage.
The orc hits you but does no damage. You block the orc's attack.
The orc warrior seems to regain its courage.
There is a stone staircase leading up here.
You climb upwards.
The two-headed ogre hits you with a giant spiked club!!
You die...

#.....##............# #≈##⌠#
##.##..##...........# #≈#≈≈≈
#.###.##...........# #≈#≈..
#......#...........###≈#≈..
#####..#.#........###..')._
#..#..............##.§#≈..
##....#..............≈#≈..
##...............#..≈#≈≈≈
####......@...........§##⌠#
#.........O........##.≈≈###
#........#.................
#........##..............##
###.####.<......#........## #<#
#.......####........
#.####.......# ##..>....
#.##.........####........
#######....#..>..........###...


You could see a two-headed ogre.

Vanquished Creatures
  A troll (D:9)
  A hippogriff (D:8)
  Sigmund (D:2)
  Duvessa (D:6)
  2 hell hounds (D:7)
  An orc warrior (D:6)
  3 sky beasts
  4 ogres
  3 bullfrogs
  A scorpion (D:7)
  Dowan (D:6)
  3 howler monkeys
  A crimson imp (D:4)
  A bullfrog zombie (D:5)
  3 orc priests
  A jelly (D:8)
  3 hounds
  A quasit (D:7)
  A bullfrog skeleton (D:7)
  A centaur skeleton (D:6)
  An iguana (D:3)
  4 orc wizards
  3 worker ants
  A hound skeleton (D:4)
  3 gnolls (D:4)
  A howler monkey skeleton (D:8)
  8 adders
  3 shadow imps
  2 adder zombies (D:5)
  An ooze (D:5)
  An adder skeleton (D:5)
  A dart slug (D:5)
  3 worms
  5 leopard geckos
  18 orcs
  3 bats
  4 giant cockroaches
  6 goblins
  4 hobgoblins
  5 jackals
  9 kobolds
  5 quokkas
  5 frilled lizards
  2 leopard gecko skeletons (D:4)
  A quokka skeleton (D:6)
  5 rats
138 creatures vanquished.

Notes
Turn   | Place    | Note
-------+----------+-------------------------------------------
     0 | D:1      | Gorice the Demonspawn Wanderer began the quest for the Orb.
     0 | D:1      | Gorice set off with: a book of Minor Magic, a scroll of teleportation {!r}, a +0 ring mail, a +0 club, a bread ration {!e}
     0 | D:1      | Reached XP level 1. HP: 13/13 MP: 5/5
   280 | D:1      | Reached skill level 1 in Fighting
   280 | D:1      | Reached skill level 3 in Armour
   281 | D:1      | Gained mutation: When seriously injured, your bleeding wounds create armour. (AC +9) [demonic ancestry]
   281 | D:1      | Reached XP level 2. HP: 8/21 MP: 7/7
  1143 | D:2      | Noticed a bullfrog
  1152 | D:2      | HP: 9/31 [bullfrog (1)]
  1155 | D:2      | Killed a bullfrog
  1155 | D:2      | Reached skill level 2 in Fighting
  1155 | D:2      | Reached XP level 3. HP: 10/28 MP: 8/8
  1155 | D:2      | Reached XP level 4. HP: 12/34 MP: 10/10
  1696 | D:2      | Reached skill level 4 in Armour
  1704 | D:2      | Reached skill level 3 in Fighting
  1982 | D:2      | Noticed Sigmund
  2234 | D:2      | Found a deep blue altar of Sif Muna.
  2413 | D:3      | Gained mutation: You have a pair of small antennae on your head. [demonic ancestry]
  2413 | D:3      | Reached XP level 5. HP: 41/41 MP: 11/11
  2574 | D:3      | Noticed stickyfingers's ghost (amateur TeEE)
  3066 | D:2      | Killed Sigmund
  3066 | D:2      | Reached skill level 2 in Long Blades
  3066 | D:2      | Reached XP level 6. HP: 24/47 MP: 12/12
  3823 | D:3      | Reached skill level 3 in Long Blades
  4432 | D:3      | Reached skill level 5 in Armour
  4432 | D:3      | Reached XP level 7. HP: 43/52 MP: 13/13
  4497 | D:4      | Reached skill level 4 in Long Blades
  4736 | D:4      | Found a staircase to the Ecumenical Temple.
  4777 | Temple   | Entered the Ecumenical Temple
  4832 | Temple   | Became a worshipper of Qazlal Stormbringer
  4981 | D:4      | Found a basalt altar of Yredelemnul.
  5112 | D:4      | HP: 14/52 [gnoll/halberd (3)]
  5682 | D:4      | Identified the Catalogue of Augmentations and the Birds
  5782 | D:5      | Entered Level 5 of the Dungeon
  6006 | D:5      | Reached skill level 5 in Long Blades
  6197 | D:5      | Noticed stickyfingers's ghost (amateur TeEE)
  6482 | D:5      | HP: 14/52 [something (6)]
  6758 | D:5      | Gained mutation: When seriously injured, your bleeding wounds create thick armour. (AC +9) [demonic ancestry]
  6758 | D:5      | Reached XP level 8. HP: 41/58 MP: 14/14
  7038 | D:5      | Reached skill level 6 in Armour
  7510 | D:6      | Noticed Dowan
  7534 | D:6      | Killed Dowan
  7534 | D:6      | Reached skill level 6 in Long Blades
  7569 | D:6      | Noticed Duvessa
  7581 | D:6      | Killed Duvessa
  7612 | D:6      | Noticed Klosterheim's ghost (novice FoAK)
  7964 | D:6      | Reached * piety under Qazlal
  8003 | D:6      | HP: 17/58 [centaur skeleton (3)]
  8279 | D:6      | Found Onic's Weapon Shoppe.
  8377 | D:6      | Reached skill level 7 in Long Blades
  9217 | D:7      | Found a snail-covered altar of Cheibriados.
  9227 | D:7      | Found a blossoming altar of Fedhas.
 10030 | D:7      | Reached skill level 7 in Armour
 10108 | D:7      | Found a glowing silver altar of Zin.
 10226 | D:8      | HP: 17/58 [hell hound/blast of flame (8)]
 10240 | D:7      | Gained mutation: You have a pair of antennae on your head. [demonic ancestry]
 10240 | D:7      | Reached XP level 9. HP: 37/64 MP: 15/15
 10462 | D:8      | Reached skill level 8 in Long Blades
 10629 | D:8      | Noticed a two-headed ogre
 11312 | D:8      | Found a staircase to the Lair.
 11473 | D:8      | Found a bloodstained altar of Trog.
 11672 | Lair:1   | Entered Level 1 of the Lair of Beasts
 11686 | Lair:1   | Noticed an eight-headed hydra
 11697 | Lair:1   | HP: 16/64 [eight-headed hydra (8)]
 11960 | D:9      | Noticed a troll
 11975 | D:9      | HP: 19/64 [troll (2)]
 11990 | D:9      | Killed a troll
 12228 | D:9      | Reached skill level 9 in Long Blades
 12238 | D:9      | HP: 17/64 [orc warrior/glaive (7)]
 12244 | D:9      | HP: 9/64 [orc warrior/glaive (8)]
 12252 | D:9      | HP: 2/64 [orc warrior/glaive (9)]
 12270 | D:8      | Slain by a two-headed ogre

Vault maps used:
D:1:      mrwooster_arrival_statue, minmay_crystal_water, st_stairs_7
D:2:      first_bread, lemuel_blue_sif_altar, uniq_sigmund
D:4:      old_standard_altar, minmay_temple_entry_junction
D:5:      kennysheep_generic_room_13
D:6:      serial_shops, nicolae_shop_temple_entry_statues_fountains,
          uniq_duvessa
D:7:      amethyst_overflow_temple_binary, lemuel_crystal_altar
D:8:      lightli_temple_of_fire, minmay_lair_entry_lava
D:9:      lemuel_crystal_altar, david_orc_3, serial_shops, shop,
          hangedman_fish_farm, nicolae_ru_great_annihilating_truth
Temple:   eino_wide_crystal_templ
Lair:1:   grunt_megastairs_3

Skill      XL: |  1  2  3  4  5  6  7  8  9 |
---------------+----------------------------+-----
Fighting       | 1 2 3 |  3.3
Armour         | 3 4 5 7 |  7.7
Long Blades    | 2 3 5 7 9 |  9.0
Throwing       | |  1.0
Shields        | |  1.0
Spellcasting   | |  4.0
Earth Magic    | |  1.0

Action                   |  1- 3 |  4- 6 |  7- 9 || total
-------------------------+-------+-------+-------++-------
Melee: Hand axe          |    72 |   114 |       ||   186
       Club              |    14 |       |       ||    14
       Long sword        |       |    66 |   643 ||   709
 Fire: Hunting sling     |    11 |    45 |    44 ||   100
       Arbalest          |       |     3 |       ||     3
Throw: Stone             |     9 |       |       ||     9
       Tomahawk          |       |       |     4 ||     4
Evoke: Wand              |       |     6 |     4 ||    10
  Use: Scroll            |     5 |     6 |     7 ||    18
       Potion            |     1 |       |     6 ||     7
 Stab: Confused          |       |     2 |       ||     2
  Eat: Chunk             |     1 |     8 |    15 ||    24
       Royal jelly       |       |     1 |     3 ||     4
       Meat ration       |       |       |     1 ||     1
Armor: Ring mail         |    30 |    88 |     6 ||   124
       Skin              |    14 |       |    18 ||    32
       Chain mail        |       |       |   233 ||   233
       Plate armour      |       |       |   309 ||   309
Dodge: Dodged            |    43 |   114 |   161 ||   318
Block: Buckler           |       |     9 |   127 ||   136
       Rpst.: Long sword |       |     7 |    43 ||    50

Table legend:
 A = Spawn XP
 B = Non-spawn XP
 C = Spawn XP percentage of total XP
 D = Spawn monster count
 E = Non-spawn monster count
 F = Spawn count percentage of total count
 G = Total turns spent on level
                    A         B        C        D         E        F      G
               +---------+---------+-------+---------+---------+-------+---------
         Total |       0 |    4034 |   0.0 |       0 |     138 |   0.0 | 12270
               +---------+---------+-------+---------+---------+-------+---------
           D:1 |       0 |      16 |   0.0 |       0 |      11 |   0.0 |   837
           D:2 |       0 |     395 |   0.0 |       0 |      25 |   0.0 |  1856
           D:3 |       0 |     276 |   0.0 |       0 |      20 |   0.0 |  1997
           D:4 |       0 |     503 |   0.0 |       0 |      21 |   0.0 |  1789
           D:5 |       0 |     393 |   0.0 |       0 |      17 |   0.0 |  1317
           D:6 |       0 |     648 |   0.0 |       0 |      16 |   0.0 |  1307
           D:7 |       0 |     738 |   0.0 |       0 |      18 |   0.0 |  1607
           D:8 |       0 |     642 |   0.0 |       0 |       8 |   0.0 |  1154
           D:9 |       0 |     423 |   0.0 |       0 |       2 |   0.0 |   316
               +---------+---------+-------+---------+---------+-------+---------

Table legend:
 A = Turns spent in this place as a percentage of turns spent in the entire game.
 B = Non-inter-level travel turns spent in this place as a percentage of non-inter-level travel turns spent in the entire game.
 C = Inter-level travel turns spent in this place as a percentage of turns spent in this place.
 D = Turns resting spent in this place as a percentage of non-inter-level travel turns spent in this place.
 E = Turns spent auto-exploring this place as a percentage of non-inter-level travel turns spent in this place.
 F = Non-inter-level travel turns spent in this place divided by the number of levels of this place that you've seen.
                   A       B       C       D       E      F
               +-------+-------+-------+-------+-------+----------------------
         Total | 100.0 | 100.0 |   9.1 |  39.9 |  27.6 | 1014.5
       Dungeon |  99.3 |  99.2 |   9.1 |  40.2 |  27.4 | 1229.9
        Temple |   0.5 |   0.6 |   0.0 |   0.0 |  62.9 |  62.0
          Lair |   0.2 |   0.3 |   0.0 |   0.0 |  35.7 |  28.0
               +-------+-------+-------+-------+-------+----------------------

Vault maps used:
D:1:      mrwooster_arrival_statue, minmay_crystal_water, st_stairs_7
D:2:      first_bread, lemuel_blue_sif_altar, uniq_sigmund
D:4:      old_standard_altar, minmay_temple_entry_junction
D:5:      kennysheep_generic_room_13
D:6:      serial_shops, nicolae_shop_temple_entry_statues_fountains,
          uniq_duvessa
D:7:      amethyst_overflow_temple_binary, lemuel_crystal_altar
D:8:      lightli_temple_of_fire, minmay_lair_entry_lava
D:9:      lemuel_crystal_altar, david_orc_3, serial_shops, shop,
          hangedman_fish_farm, nicolae_ru_great_annihilating_truth
Temple:   eino_wide_crystal_templ
Lair:1:   grunt_megastairs_3
